 Dungeon Crawl Stone Soup version 0.19.4-9-g45fd643 (webtiles) character file.

99 JeffiDaFish the Stinger (level 4, -1/24 HPs)
             Began as a Gargoyle Venom Mage on Feb 16, 2017.
             Slain by Crazy Yiuf
             ... wielding a +2 quarterstaff of chaos
              (2 damage)
             ... on level 3 of the Dungeon.
             The game lasted 00:10:25 (2144 turns).

JeffiDaFish the Stinger (Gargoyle Venom Mage)       Turns: 2144, Time: 00:10:25

Health: -1/24      AC:  8    Str: 10 (11) XL:     4   Next: 72%
Magic:  7/7        EV: 11    Int: 19 (20) God:
Gold:   83         SH:  0    Dex: 10 (11) Spells: 2 memorised, 3 levels left

rFire  . . .     SeeInvis .     d - +0 mace
rCold  . . .     Gourm    .     e - +0 leather armour
rNeg   + . .     Faith    +     (no shield)
rPois  ∞         Spirit   .     (no helmet)
rElec  +         Reflect  .     (no cloak)
rCorr  .         Harm     .     a - +1 pair of gloves
MR     .....                    (no boots)
Stlth  ++........               m - amulet of faith
                                (no ring)
                                j - +4 ring of intelligence

@: no status effects
A: negative energy resistance 1, electricity resistance, unbreathing,
petrification resistance, rot immunity, AC +3
a: no special abilities


You were on level 3 of the Dungeon.
You were not hungry.

You visited 1 branch of the dungeon, and saw 3 of its levels.

You collected 83 gold pieces.

Inventory:

Hand Weapons
 d - a +0 mace (weapon)
Armour
 a - a +1 pair of gloves (worn)
 e - a +0 leather armour (worn)
Jewellery
 j - a +4 ring of intelligence (left hand)
 m - an amulet of faith (around neck)
Scrolls
 h - 4 scrolls of identify
 i - a scroll of blinking
 k - a scroll of remove curse
 l - a scroll of teleportation
Potions
 o - a potion of curing
Books
 b - a Young Poisoner's Handbook

   Spells                             Type                      Level
   a - Sting                          Conjuration/Poison           1
   b - Mephitic Cloud                 Conjuration/Poison/Air       3
   c - Olgreb's Toxic Radiance        Poison                       4
   d - Alistair's Intoxication        Transmutation/Poison         5
   e - Venom Bolt                     Conjuration/Poison           5
Comestibles
 c - 2 bread rations
 f - 11 fruits
 g - a meat ration
 n - 5 chunks of flesh


   Skills:
 + Level 0.7 Fighting
 + Level 1.0 Maces & Flails
 - Level 0.4 Armour
 + Level 1.9 Dodging
 + Level 2.2 Stealth
 * Level 2.4 Spellcasting
 * Level 1.9 Conjurations
 + Level 0.2 Air Magic
 + Level 4.6 Poison Magic


You had 3 spell levels left.
You knew the following spells:

 Your Spells              Type           Power        Failure   Level  Hunger
a - Sting                 Conj/Pois      ##..         8%          1    #......
b - Mephitic Cloud        Conj/Pois/Air  ##......     30%         3    ###....


Dungeon Overview and Level Annotations

Branches:
Dungeon (3/15)

Altars:
Fedhas

Annotations:
D:3 Crazy Yiuf


Innate Abilities, Weirdness & Mutations

You are resistant to torment.
Your stone body is resilient. (AC +3)
You are immune to poison.
You resist negative energy. (rN+)
You are resistant to electric shocks. (rElec)
You can survive without breathing.
You are immune to petrification.
You are immune to rotting.


Message History

You open the door.
Crazy Yiuf the Enlightened comes into view.
He is wielding a quarterstaff of chaos.
Crazy Yiuf shouts!
Found a mace.
There is an open door here.
You hit Crazy Yiuf.
Crazy Yiuf is moderately wounded.
Crazy Yiuf hits you with a quarterstaff of chaos!
Crazy Yiuf waves his quarterstaff at you.
Crazy Yiuf closely misses you.
You hit Crazy Yiuf.
Crazy Yiuf is moderately wounded.
Crazy Yiuf hits you with a quarterstaff of chaos!
* * * LOW HITPOINT WARNING * * *
Crazy Yiuf freezes you.
* * * LOW HITPOINT WARNING * * *
You hit Crazy Yiuf.
Crazy Yiuf is moderately wounded.
Crazy Yiuf hits you with a quarterstaff of chaos.
You die...

# #.#..............#
# #.#.....##########
###.#.....#
....####### .......#
.......# ###.#####♣♣
#### # #.....#)♣♣
♣♣#..)#
###.#.....P♣♣♣♣.@g..#
....##...PP.♣..♣#...#
#######.#..♣.♣♣♣ ####
###♣♣♣♣♣


You could see Crazy Yiuf.

Vanquished Creatures
  2 adders (D:3)
  2 oozes (D:2)
  A worm (D:2)
  3 dart slugs
  3 leopard geckos
  4 bats
  6 giant cockroaches (D:1)
  7 goblins
  10 hobgoblins
  9 kobolds
  A ball python (D:3)
  3 frilled lizards
  4 rats
55 creatures vanquished.

Notes
Turn   | Place    | Note
-------+----------+-------------------------------------------
     0 | D:1      | JeffiDaFish the Gargoyle Venom Mage began the quest for the Orb.
     0 | D:1      | Reached XP level 1. HP: 10/10 MP: 3/3
   327 | D:1      | Reached XP level 2. HP: 14/15 MP: 1/5
   667 | D:1      | Reached skill level 1 in Conjurations
   667 | D:1      | Reached XP level 3. HP: 2/19 MP: 0/6
  1084 | D:2      | Learned a level 3 spell: Mephitic Cloud
  1552 | D:2      | Reached XP level 4. HP: 24/24 MP: 2/7
  1620 | D:2      | Found a blossoming altar of Fedhas.
  2053 | D:3      | Reached skill level 1 in Maces & Flails
  2136 | D:3      | Found a runed door.
  2140 | D:3      | Noticed Crazy Yiuf
  2143 | D:3      | HP: 1/24 [Crazy Yiuf/quarterstaff of chaos (3)]
  2144 | D:3      | Slain by Crazy Yiuf

Skill      XL: |  1  2  3  4 |
---------------+-------------+-----
Conjurations   | 1 |  1.9
Maces & Flails | 1 |  1.0
Fighting       | |  0.7
Armour         | |  0.4
Dodging        | |  1.9
Stealth        | |  2.2
Spellcasting   | |  2.4
Air Magic      | |  0.2
Poison Magic   | |  4.6

Action                   |  1- 3 |  4- 6 || total
-------------------------+-------+-------++-------
Melee: Mace              |    61 |    40 ||   101
 Cast: Sting             |    58 |    10 ||    68
       Mephitic Cloud    |       |     1 ||     1
  Use: Scroll            |     9 |       ||     9
       Potion            |     5 |       ||     5
  Eat: Chunk             |     3 |     2 ||     5
Armor: Robe              |     9 |       ||     9
       Leather armour    |    33 |    14 ||    47
Dodge: Dodged            |    54 |    22 ||    76
